Workbook
Name obser: [1]BD_SITP_08!$AP:$AV
Name PRINT_AREA: #N/A
Name PRINT_AREA_MI: #N/A
Name PRINT_AREA_MI: #N/A
Name PRINT_TITLES: #N/A
Name PRINT_TITLES_MI: #N/A
Name PRINT_TITLES_MI: #N/A

Sheet LISTA DE OFERENTES
A1: FONDO DE DESARROLLO LOCAL DE SAN CRISTÓBAL
A2: FDLSC-CMA-006-2022
A3: No. | B3: NOMBRE | C3: REPRESENTANTE LEGAL | D3: TIPO DE OFERENTE | E3: CONSORCIADO 1 | F3: CONSORCIADO 2
A4: 1 | B4: SAVIMAC SAS | C4: SANTIAGO CARRILO VARGAS | D4: SINGULAR
G5: 1
G6: 1

Sheet EXPERIENCIA DEL PROPONENTE
A1: FONDO DE DESARROLLO LOCAL DE SAN CRISTÓBAL
A2: FDLSC-CMA-006-2022
A3: REQUISITOS PONDERABLE FACTOR No. 1 | N3: CUMPLE
N4: NO CUMPLE
A8: 1 | E8: =+'LISTA DE OFERENTES'!B4 -> SAVIMAC SAS
A9: NÚMERO DE CONTRATOS PRESENTADOS | B9: 2 | C9: PRESUPUESTO OFICIAL EN SMMLV | D9: =$D$25 -> 160
A10: PROMEDIO DE SMMLV | C10: =H18/B9 -> 210.49637
A11: TERMINO DE EJECUCION EXIGIDO
A12: CONDICIONES DE EXPERIENCIA | I12: EXPERIENCIA GENERAL | J12: CUMPLE CON LOS OBJETOS SOLICITADOS DE ACUERDO A LA MATRIZ 1 EXPERIENCIA GENERAL | K12: VERIFICACION RUP DEBE CUMPLIR CON LA CLASIFICACION EN ALGUNO DE LOS SIGUIENTES CODIGOS: 811015 O 801016 | L12: Observación y respuesta a observaciones
A13: Objeto del Contrato | B13: Entidad Contratante | D13: Valor Contrato | E13: Año de ejecución aportado | F13: Valor del Contrato en SMMLV | G13: Participación UT/CONSORCIO | H13: Participación en SMMLV | I13: VERIFICACION RESPECTO A PRESUPUESTO OFICIAL (PO)
A15: “Realizar el seguimiento a la estabilidad de las obras realizadas con recursos de la alcaldía local de ciudad bolívar que cuentan con pólizas de estabilidad vigentes en cumplimiento del numeral 4º del artículo 4º de ley 80 de 1993”. | B15: FONDO DE DESARROLLO LOCAL DE CIUDAD BOLIVAR | D15: 259733094 | E15: 2017 | F15: =D15/(VLOOKUP(E15,$D$45:$E$68,2,FALSE)) -> 352.07687 | G15: 0.75 | H15: =F15*G15 -> 264.05765 | I15: =+IF((SUM(H15:H16))>D9,"CUMPLE","NO CUMPLE") -> CUMPLE | J15: CUMPLE | K15: CUMPLE
A16: REALIZAR LA VERIFICACIÓN DE ESTABILIDAD Y CALIDAD DE LAS OBRAS DE INFRAESTRUCTURA EJECUTADAS CON RECURSOS DEL FONDO DE DESARROLLO LOCAL DE USME Y QUE CUENTEN CON PÓLIZA DE ESTABILIDAD VIGENTE, EN CUMPLIMIENTO DEL ARTÍCULO 4º, NUMERAL 4º DE LA LEY 80 DE 1993” | B16: FONDO DE DESARROLLO LOCAL DE USME | D16: 281138960 | E16: 2020 | F16: =D16/(VLOOKUP(E16,$D$45:$E$68,2,FALSE)) -> 320.27569 | G16: 0.49 | H16: =F16*G16 -> 156.93509 | J16: CUMPLE | K16: CUMPLE | L16: El valor del contrato, la fecha de inicio y fecha de terminacion relacionada en el formato en excel, no corresponden a la aportada en las certificaciones.
A18: TOTALES | F18: =+SUM(F15:F16) -> 672.35256 | H18: =+SUM(H15:H16) -> 420.99274 | L18: CUMPLE
A24: VALOR TOTAL PROYECTO | D24: SMMLV P.O.
A25: VALOR: | B25: 160000000 | D25: =+B25/E66 -> 160
A30: OBJETO:
D34: Año | E34: Salario mínimo mensual
D35: 1991 | E35: 51720
D36: 1992 | E36: 65190
D37: 1993 | E37: 81510
D38: 1994 | E38: 98700
D39: 1995 | E39: 118933
D40: 1996 | E40: 142125
D41: 1997 | E41: 172005
D42: 1998 | E42: 203826
D43: 1999 | E43: 236460
D44: 2000 | E44: 260100
D45: 2001 | E45: 286000
D46: 2002 | E46: 309000
... D66: 2022 | E66: 1000000

Sheet PROFESIONALES
A1: FONDO DE DESARROLLO LOCAL DE SAN CRISTÓBAL
A2: FDLSC-CMA-006-2022
A3: REQUISITOS PONDERABLE FACTOR No. 1 | I3: CUMPLE
I4: NO CUMPLE
A8: 1 | E8: =+'LISTA DE OFERENTES'!B4 -> SAVIMAC SAS
A10: CONDICIONES DE EXPERIENCIA DEL PERSONAL | G10: Observación y respuesta a observaciones
A11: CARGO | B11: NOMBRE | D11: EXPERIENCIA GENERAL | E11: EXPERIENCIA ESPECIFICA | F11: CUENTA CON EL POSGRADO SOLICITADO
A13: DIRECTOR DE CONSULTORÍA | B13: SANDRA MONICA CARDOZO | D13: 26 | E13: 6 | F13: SI | G13: CUMPLE
A14: ESPECIALISTA EN PATOLOGIA DE OBRAS | B14: SANTIAGO CARRILO VARGAS | D14: 16 | E14: 5.52 | F14: SI | G14: CUMPLE
A21: VALOR TOTAL PROYECTO | D21: SMMLV P.O.
A22: VALOR: | B22: 160000000 | D22: =+B22/E63 -> 160
A27: OBJETO:
D31: Año | E31: Salario mínimo mensual
D32: 1991 | E32: 51720
D33: 1992 | E33: 65190
D34: 1993 | E34: 81510
D35: 1994 | E35: 98700
D36: 1995 | E36: 118933
D37: 1996 | E37: 142125
D38: 1997 | E38: 172005
D39: 1998 | E39: 203826
D40: 1999 | E40: 236460
D41: 2000 | E41: 260100
D42: 2001 | E42: 286000
D43: 2002 | E43: 309000
... D63: 2022 | E63: 1000000

Sheet RESUMEN EVALUACIÓN
A1: FONDO DE DESARROLLO LOCAL DE SAN CRISTÓBAL
A2: FDLSC-CMA-003-2022
A3: REALIZAR LA INTERVENTORÍA TÉCNICA, ADMINISTRATIVA, FINANCIERA, JURÍDICA, SOCIAL, AMBIENTAL Y SISO AL CONTRATO DE OBRA CUYO OBJETO ES EJECUTAR A PRECIOS UNITARIOS SIN FORMULA DE REAJUSTE Y A MONTO AGOTABLE, LAS ACTIVIDADES NECESARIAS PARA EL DESARROLLO DE LAS OBRAS INTERVENCIÓN DE PUENTES VEHICULARES Y PEATONALES SOBRE CUERPOS DE AGUA EN LA LOCALIDAD DE SAN CRISTÓBAL EN LA CIUDAD DE BOGOTÁ D.C
B5: Nombre de Oferente : | C5: CAPACIDAD FINANCIERA | D5: CAPACIDAD JURIDICA | E5: CAPACIDAD TÉCNICA | F5: INFORME FINAL | G5: OBSERVACIONES
A6: 1 | B6: ='LISTA DE OFERENTES'!B4 -> SAVIMAC SAS | C6: HABILITADO | D6: HABILITADO | E6: HABILITADO | F6: HABILITADO
A7: 2 | B7: ='LISTA DE OFERENTES'!B5 -> 0
A8: 3 | B8: ='LISTA DE OFERENTES'!B6 -> 0
A9: 4 | B9: ='LISTA DE OFERENTES'!B7 -> 0

Sheet F. PONDERABLES
A1: FONDO DE DESARROLLO LOCAL DE SAN CRISTÓBAL
A2: CONCURSO DE MERITOS ABIERTO FDLSC-CMA-003-2022
A3: FACTORES PONDERABLES
A7: FACTORES PONDERABLES / PUNTAJE FINAL | C7: EXPERIENCIA DEL PROPONENTE (78.75 PUNTOS) | D7: EXPERIENCIA Y FORMACIÓN ADICIONAL DEL PERSONAL MINIMO REQUERIDO (10 PUNTOS) | E7: Criterios diferenciales para emprendimiento y empresas de mujeres en el sistema de compras publicas (0,25 PUNTOS) | F7: APOYO A LA INDUSTRIA NACIONAL (10 PUNTOS) | G7: VINCULACIÓN DE PERSONAS CON DISCAPACIDAD (1 PUNTO) | H7: PUNTAJE TOTAL | I7: OBSERVACIONES
A8: 1 | B8: =+'LISTA DE OFERENTES'!B4 -> SAVIMAC SAS | C8: 78.75 | D8: 10 | E8: 0 | F8: 10 | G8: 1 | H8: =SUM(C8:G8) -> 99.75

Sheet MEDIA GEOMETRICA
A1: EXPERIENCIA DEL PROPONENTE
A2: CANTIDAD DE SMMLV QUE REPRESENTAN EL PROMEDIO DE LOS CONTRATOS VALIDOS PARA ACREDITAR EXPERIENCIA | F2: PUNTAJE MAXIMO | G2: 78.75
A3: FDLSC-CMA-006-2022 | F3: TRM VIGENTE
F4: PRIMERAS DOS CIFRAS DEC.TRM | G4: 41
A10: OFERENTES | C10: Promedio SMMLV | D10: MEDIA GEOMETRICA | E10: PUNTAJE
A11: 1 | B11: =VLOOKUP(A11,'LISTA DE OFERENTES'!$A$4:$B$35,2,FALSE) -> SAVIMAC SAS | C11: ='EXPERIENCIA DEL PROPONENTE'!C10 -> 210.49637 | D11: =GEOMEAN(C11:C11) -> 210.49637 | E11: =((1-(ABS($D$11-C11)/$D$11))*78.75) -> 78.75 | F11: =ABS(C11-$D$11) -> 0

Sheet ORDEN ELE
A1: FONDO DE DESARROLLO LOCAL DE SAN CRISTÓBAL
A2: CONCURSO DE MERITOS DE ABIERTO FDLSC-CMA-006-2022
A3: ORDEN DE ELEGIBILIDAD
A6: ORDEN DE ELEGIBILIDAD | B6: No. OFERENTE | C6: OFERENTE | D6: PUNTAJE TOTAL
A7: 1 | B7: 1 | C7: =VLOOKUP(B7,'LISTA DE OFERENTES'!$A$4:$B$35,2,FALSE) -> SAVIMAC SAS | D7: =VLOOKUP(B7,'F. PONDERABLES'!$A$8:$H$8,7,FALSE) -> 1
